 Dungeon Crawl Stone Soup version 0.30-a0-883-g5ad918d77d (webtiles) character file.

Game seed: 7453872160930321249

1027 Mickster the Magician (level 8, -7/44 HPs)
             Began as a Deep Elf Wanderer on Mar 15, 2023.
             Mangled by a gnoll sergeant
             ... wielding a +0 trident
              (12 damage)
             ... on level 5 of the Dungeon on Mar 16, 2023.
             The game lasted 01:02:04 (3532 turns).

Mickster the Magician (Deep Elf Wanderer)           Turns: 3532, Time: 01:02:05

Health: -7/44      AC:  7    Str:  8    XL:     8   Next: 3%
Magic:  0/21       EV: 12    Int: 23    God:
Gold:   165        SH:  0    Dex: 12    Spells: 20/22 levels left

rFire   . . .      SeeInvis .    h - staff of earth
rCold   . . .      Faith    .    (no shield)
rNeg    . . .      Spirit   +    l - +0 leather armour
rPois   .          Reflect  .    (no helmet)
rElec   .          Rampage  .    (no cloak)
rCorr   .                        v - +2 pair of gloves
Will    .....                    p - +0 pair of boots
Stlth   ++                       u - amulet of guardian spirit
HPRegen 0.27/turn                (no ring)
MPRegen 0.17/turn                (no ring)

@: no status effects
A: no striking features
a: no special abilities


You were on level 5 of the Dungeon.
You visited 1 branch of the dungeon, and saw 5 of its levels.

You collected 165 gold pieces.

Inventory:

Hand Weapons
 a - a +0 dagger
 e - a +1 hand axe
 k - a +1 whip of venom
 m - a +0 rapier
 s - a +0 falchion
 w - a +4 trident of electrocution
Missiles
 f - 22 stones
 g - 3 boomerangs (quivered)
 i - 4 poisoned darts
Armour
 c - a +0 robe
 d - a +0 pair of gloves
 j - a +0 scale mail
 l - a +0 leather armour (worn)
 o - a +1 chain mail of poison resistance
 p - a +0 pair of boots (worn)
 t - a +0 chain mail
 v - a +2 pair of gloves (worn)
 x - a +0 kite shield
 y - a +1 scale mail
Magical Staves
 h - a staff of earth (weapon)
Jewellery
 u - an amulet of guardian spirit (around neck)
Scrolls
 b - 2 scrolls of fog
 n - 3 scrolls of identify
 q - 2 scrolls of teleportation
 r - 2 scrolls of fear


   Skills:
 * Level 1.8 Fighting
 - Level 0.1 Axes
 * Level 1.9 Staves
 + Level 0.7 Throwing
 + Level 0.6 Armour
 * Level 2.7 Dodging
 * Level 4.5 Stealth
 * Level 7.5 Spellcasting
 * Level 2.4 Necromancy
 + Level 2.2 Translocations
 * Level 6.7 Earth Magic


You had 20 spell levels left.
You knew the following spells:

 Your Spells              Type           Power      Damage    Failure   Level
a - Sandblast             Erth           100%       2d20      1%          1
b - Necrotise             Necr           76%        1d7       3%          1

Your spell library contained the following spells:

 Spells                   Type           Power      Damage    Failure   Level
 Apportation              Tloc           36%        N/A       4%          1
 Stone Arrow              Conj/Erth      72%        3d11      8%          3
 Summon Small Mammal      Summ           32%        N/A       11%         1
 Teleport Other           Tloc           18%        N/A       12%         3
 Vampiric Draining        Necr           19%        2d7       12%         3
 Petrify                  Tmut/Erth      36%        N/A       26%         4
 Call Canine Familiar     Summ           8%         N/A       30%         3
 Summon Guardian Golem    Hex/Summ       8%         N/A       30%         3
 Agony                    Necr           19%        N/A       71%         5


Dungeon Overview and Level Annotations

Branches:
Dungeon (5/15)
 Temple: D:4-7

Altars:

Shops:
D:3 *

Annotations:
D:5 1 transporter, relicbr's ghost, novice SpDe


Message History

The plant begins to die.
The gnoll hits you from afar with a +2 vampiric spear.
The gnoll sergeant hits you from afar with a +0 trident.
Casting: Sandblast (safe; 1% risk of failure)
Confirm with . or Enter, or press ? or * to list all spells.
Aiming: Sandblast (safe; 1% risk of failure)
Press: ? - help, Shift-Dir - straight line, f - gnoll sergeant
Aim: a gnoll sergeant, wielding a +0 trident and wearing a +0 scale mail (89% to hit)
You feel a surge of power!
The blast of sand hits the gnoll sergeant but does no damage.
The gnoll hits you from afar with a +2 vampiric spear.
The gnoll sergeant misses you.
The gnoll hits the plant with a +0 spear!
Casting: Sandblast (safe; 1% risk of failure)
Confirm with . or Enter, or press ? or * to list all spells.
Aiming: Sandblast (safe; 1% risk of failure)
Press: ? - help, Shift-Dir - straight line, f - gnoll, p - gnoll sergeant
Aim: a gnoll, wielding a +2 vampiric spear (87% to hit)
You feel a surge of power!
The blast of sand hits the gnoll!
The gnoll is almost dead.
The gnoll hits you from afar with a +2 vampiric spear.
The gnoll draws strength from your wounds!
The gnoll hits the plant with a +0 spear!
The gnoll sergeant closely misses you.
The gnoll hits you from afar with a +2 vampiric spear. x2
* * * LOW HITPOINT WARNING * * *
The gnoll sergeant barely misses you.
The gnoll hits the plant with a +0 spear.
The gnoll barely misses you.
A nearby plant withers and dies. x2; The gnoll barely misses you.
The gnoll sergeant hits you from afar with a +0 trident.
* * * LOW HITPOINT WARNING * * *
There is an open translucent door here.
Items here: )) [[.
w - a +4 trident of electrocution;
x - a +0 kite shield;
y - a +1 scale mail The gnoll hits you from afar with a +2 vampiric spear.
* * * LOW HITPOINT WARNING * * *
The gnoll closely misses you.
The gnoll sergeant hits you from afar with a +0 trident!
You die...

#####...........#####≈≈
#...#.###.§.###.#..g#≈≈
...###.#####©###...#≈≈
#...............###≈≈
#.##'###+######.#8.≈≈
≈.##g#...#P.8#)!$#.##.≈≈
~.#$gggg.g.©⌠#:.$'.g#.~~
≈.##g#P.P#P.8#=.$#.##.≈≈
##@###+## # #8.≈≈
#........... ###≈≈
#...###.#####. #...#≈≈
#...#.###.©.# # #...#≈≈
≈### #......... #####≈≈
≈ ≈≈≈≈≈≈≈~≈≈≈ ≈≈≈≈≈ ≈≈≈
≈≈≈ ≈≈≈≈≈≈ .... ....
......


You could see a gnoll sergeant and 5 gnolls.

Vanquished Creatures
  A troll (D:5)
  A sky beast (D:5)
  A black bear (D:4)
  2 ogres (D:5)
  A gnoll sergeant (D:5)
  A scorpion (D:4)
  A howler monkey (D:4)
  A jelly (D:5)
  3 hounds (D:4)
  5 gnolls (D:5)
  7 adders
  A white imp (D:5)
  5 dart slugs
  6 orcs
  7 endoplasms
  A giant cockroach (D:2)
  4 hobgoblins
  4 quokkas
  6 ball pythons
  2 bats (D:1)
  2 frilled lizards (D:1)
  5 goblins
  7 kobolds
  6 rats
80 creatures vanquished.

Vanquished Creatures (collateral kills)
  A ball python (D:1)
1 creature vanquished.

Vanquished Creatures (others)
  2 plants (D:5)
2 creatures vanquished.

Grand Total: 83 creatures vanquished

Notes
Turn   | Place    | Note
-------+----------+-------------------------------------------
     0 | D:1      | Mickster the Deep Elf Wanderer began the quest for the Orb.
     0 | D:1      | Mickster set off with the following items: a +0 dagger, a
                  | scroll of fog, a +0 robe, a +0 pair of gloves; and the
                  | following spells available to memorise: Sandblast,
                  | Apportation, Stone Arrow, Teleport Other, Petrify.
     0 | D:1      | Reached XP level 1. HP: 10/10 MP: 6/6
    11 | D:1      | Learned a level 1 spell: Sandblast
    13 | D:1      | Learned a level 1 spell: Necrotise
    75 | D:1      | Reached XP level 2. HP: 14/15 MP: 5/8
   575 | D:1      | Reached skill level 5 in Earth Magic
   685 | D:1      | Reached XP level 3. HP: 19/19 MP: 8/10
  1661 | D:3      | Reached skill level 4 in Spellcasting
  1813 | D:3      | Found Biugamoon's Assorted Antiques.
  1960 | D:3      | Found a faded altar of an unknown god.
  2120 | D:3      | Reached XP level 4. HP: 21/24 MP: 8/12
  2515 | D:4      | Noticed a black bear
  2524 | D:4      | Killed a black bear
  2525 | D:4      | Reached skill level 1 in Dodging
  2525 | D:4      | Reached skill level 5 in Spellcasting
  2525 | D:4      | Reached skill level 1 in Necromancy
  2525 | D:4      | Reached XP level 5. HP: 19/28 MP: 6/14
  2770 | D:4      | Reached XP level 6. HP: 33/33 MP: 6/16
  2810 | D:4      | Reached skill level 1 in Staves
  2810 | D:4      | Reached skill level 6 in Spellcasting
  3141 | D:5      | Entered Level 5 of the Dungeon
  3152 | D:5      | Reached skill level 1 in Fighting
  3182 | D:5      | Reached XP level 7. HP: 38/38 MP: 16/18
  3341 | D:5      | Found a transporter.
  3365 | D:5      | Noticed a troll
  3380 | D:5      | Killed a troll
  3381 | D:5      | Reached skill level 7 in Spellcasting
  3481 | D:5      | Noticed relicbr's ghost (novice SpDe)
  3509 | D:5      | Found a transporter.
  3528 | D:5      | Reached XP level 8. HP: 25/44 MP: 8/21
  3532 | D:5      | Mangled by a gnoll sergeant

Illustrated notes

Levels and vault maps discovered:
D:1:      minmay_arrival_five_plusses, layout_basic
D:2:      layout_basic, uniq_terence, uniq_crazy_yiuf_cottage
D:3:      layout_basic, basic_ecumenical_altar, serial_shops, shop_statue
D:4:      layout_layer_cave, gammafunk_temple_overflow_pools,
          hangedman_decor_clover_reticule
D:5:      layout_basic, gammafunk_ghost_gnarly_gnolls, minivault_26,
          minmay_manual_monstrance

Skill      XL: |  1  2  3  4  5  6  7 |
---------------+----------------------+-----
Earth Magic    | 5 6 |  6.7
Spellcasting   | 4 5 6 7 |  7.5
Stealth        | 3 4 |  4.5
Dodging        | 1 2 |  2.7
Necromancy     | 1 2 |  2.4
Staves         | 1 |  1.9
Fighting       | 1 |  1.8
Axes           | |  0.1
Throwing       | |  0.7
Armour         | |  0.6
Translocations | |  2.2

Action                     |  1- 3 |  4- 6 |  7- 9 || total
---------------------------+-------+-------+-------++-------
  Melee: Hand axe          |    10 |       |       ||    10
  Throw: Dart              |     3 |       |       ||     3
         Boomerang         |       |     6 |     8 ||    14
   Cast: Sandblast         |    42 |    35 |    20 ||    97
         Necrotise         |    20 |     5 |     1 ||    26
    Use: Scroll            |     5 |     1 |       ||     6
         Potion            |     1 |     1 |       ||     2
 Armour: Robe              |    16 |       |       ||    16
         Scale mail        |       |     6 |       ||     6
         Leather armour    |       |     6 |     1 ||     7
  Dodge: Dodged            |    21 |     8 |    13 ||    42

Table legend: (Time is in decaauts)
 A = Elapsed time spent in this place.
 B = Non-inter-level travel time spent in this place.
 C = Inter-level travel time spent in this place.
 D = Time resting spent in this place.
 E = Time spent auto-exploring this place.
 F = Levels seen in this place.
 G = Mean time per level.
                   A        B        C        D        E       F      G
               +--------+--------+--------+--------+--------+-----+--------+
         Total |   3588 |   3510 |     78 |    807 |      0 |   5 |  717.6 |
       Dungeon |   3588 |   3510 |     78 |    807 |      0 |   5 |  717.6 |
               +--------+--------+--------+--------+--------+-----+--------+

Top non-repeatable levels by time:
     D:1: 838 daAuts
     D:3: 831 daAuts
     D:2: 794 daAuts
     D:4: 715 daAuts
     D:5: 407 daAuts
